Map: [ESL] Ancient Cistern

Players

Dolan

  • Race: Terran Terran
  • Spawn Location: 7:00

Vindicta - Winner!

  • Race: Terran Terran
  • Spawn Location: 1:00

Event: ESL SC2 Masters 2023 Summer (Regionals)

VOD

Have the link to the VOD?

Description

Time

  • Played on: May 4, 2023, 3:04 p.m.
  • Length: 16:27

All games in this series

Show
View Real Time Build Order
Export as new Build Order

Dolan Terran 

Build Orders: Cyclone Opening, Mech 

Get SALT Encoding   

  12  0:02  SCV  
  13  0:14  SCV  
  13  0:17  Supply Depot  
  14  0:26  SCV  
  15  0:38  SCV  
  15  0:41  Barracks  
  16  0:44  Refinery  
  16  0:50  SCV  
  16  0:52  Refinery  
  17  1:03  SCV  
  18  1:15  SCV  
  19  1:27  Orbital Command, Reaper  
  19  1:29  Supply Depot  
  20  1:43  Factory  
  20  1:53  SCV  
  21  1:59  Reaper  
  22  2:05  SCV  
  23  2:17  SCV  
  24  2:23  Command Center  
  24  2:26  Factory Tech Lab  
  25  2:30  SCV  
  25  2:32  Barracks Reactor  
  25  2:41  Supply Depot  
  25  2:42  SCV  
  26  2:50  Cyclone  
  28  2:59  SCV  
  28  3:03  Starport  
  29  3:10  Marine  
  28  3:13  SCV  
  23  3:31  SCV  
  21  3:41  Siege Tank  
  24  3:46  SCV  
  25  3:54  Marine x2  
  27  3:58  SCV  
  27  4:01  Starport Tech Lab  
  28  4:13  SCV  
  28  4:16  Siege Tank  
  32  4:21  Raven  
  34  4:29  Orbital Command  
  34  4:31  SCV  
  35  4:40  Refinery  
  35  4:44  SCV  
  36  4:48  Marine x2  
  36  4:51  Siege Tank  
  41  4:54  SCV  
  41  4:58  SCV  
  43  5:06  SCV  
  44  5:07  Raven  
  44  5:10  SCV  
  47  5:14  Supply Depot  
  47  5:18  SCV  
  48  5:22  SCV  
  48  5:26  Siege Tank  
  52  5:32  SCV  
  52  5:34  SCV  
  54  5:43  Supply Depot  
  54  5:44  SCV  
  54  5:46  SCV  
  56  5:54  Viking x2  
  56  5:56  SCV  
  61  5:58  SCV  
  62  6:08  SCV  
  62  6:10  SCV  
  64  6:12  Command Center  
  64  6:17  Siege Tank  
  67  6:29  Viking  
  69  6:37  SCV  
  70  6:45  Refinery, Supply Depot x2  
  70  6:54  Barracks Reactor, Factory x2  
  70  7:06  SCV, Viking  
  73  7:09  SCV  
  73  7:14  Viking  
  73  7:15  Siege Tank  
  76  7:18  SCV  
  76  7:21  SCV  
  78  7:25  Orbital Command  
  78  7:30  SCV  
  78  7:33  SCV  
  80  7:41  Siege Tank  
  80  7:42  Orbital Command, SCV  
  80  7:43  Viking  
  86  7:44  Viking  
  86  7:46  SCV  
  89  7:53  Hellion, Siege Tank  
  89  7:55  SCV  
  89  7:58  SCV  
  96  8:05  Supply Depot  
  96  8:06  Engineering Bay, Supply Depot  
  96  8:12  SCV x3  
  98  8:16  Viking x2  
  102  8:33  SCV x2  
  105  8:38  Siege Tank  
  105  8:39  Hellion x2  
  105  8:40  Siege Tank  
  114  8:43  Supply Depot  
  114  8:44  Sensor Tower  
  114  8:47  Orbital Command  
  114  8:56  Viking  
  114  8:57  SCV x2, Viking  
  119  9:05  Missile Turret  
  119  9:07  Missile Turret  
  119  9:11  Missile Turret  
  119  9:12  Missile Turret  
  119  9:15  SCV x3  
  122  9:25  Siege Tank  
  122  9:27  SCV x3, Sensor Tower, Refinery, Siege Tank  
  122  9:31  Refinery  
  131  9:39  SCV x2  
  133  9:47  Armory x2, Supply Depot  
  133  9:52  SCV x2  
  135  9:57  Missile Turret  
  135  9:58  SCV  
  135  9:59  Missile Turret  
  136  10:03  Siege Tank  
  136  10:04  SCV x2  
  141  10:09  Siege Tank  
  144  10:19  Hellion x2  
  148  10:24  Supply Depot  
  148  10:27  Supply Depot  
  148  10:28  Viking x2  
  149  10:38  Terran Vehicle Weapons Level 1, Terran Vehicle And Ship Armor Level 1  
  149  10:48  Factory x2  
  149  10:54  Siege Tank x2  
  149  10:55  Hellion x2  
  159  10:59  Infernal Pre-Igniter  
  159  11:02  SCV x3  
  162  11:09  Viking x2  
  161  11:21  Hellion x2  
  165  11:33  Factory Tech Lab, Factory Reactor  
  165  11:35  SCV x3, Command Center  
  165  11:37  Siege Tank  
  171  11:45  Siege Tank  
  174  11:58  Viking x2  
  174  12:00  Hellion  
  180  12:07  Supply Depot x2  
  180  12:26  Hellion, Thor  
  180  12:29  Thor x2  
  200  12:40  Missile Turret  
  200  12:41  Terran Vehicle Weapons Level 2, Terran Vehicle And Ship Armor Level 2  
  200  12:42  Missile Turret  
  196  13:23  Planetary Fortress  
  196  13:32  Refinery  
  196  13:36  Missile Turret x2, Refinery  
  196  13:39  Missile Turret  
  196  13:40  Sensor Tower  
  196  13:45  Missile Turret  
  196  13:47  Missile Turret  
  196  13:52  Missile Turret  
  196  13:53  Missile Turret  
  196  14:02  Missile Turret  
  196  14:08  Smart Servos  
  196  14:17  Starport x2  
  194  14:47  Thor  
  194  14:48  Viking  
  200  15:08  Starport Reactor x2  
  181  15:18  Siege Tank x2  
  181  15:19  Hellion x4, Viking x2  
  114  15:30  Siege Tank  
  117  15:41  Hellion x4  
  125  15:49  Viking x2  
  129  15:50  Siege Tank  
  129  15:51  Viking x4, Siege Tank  
  143  16:02  Hellion  
  143  16:03  Hellion x3  
  151  16:13  Missile Turret  
  151  16:14  Command Center  
Show
View Real Time Build Order
Export as new Build Order

Vindicta Terran - Winner!

Build Orders:  

Get SALT Encoding   

  12  0:00  SCV  
  13  0:13  SCV  
  14  0:17  Supply Depot  
  14  0:25  SCV  
  15  0:38  SCV  
  15  0:40  Barracks  
  16  0:43  Refinery  
  16  0:50  SCV  
  17  1:03  Barracks, SCV  
  18  1:10  Refinery  
  18  1:15  SCV  
  19  1:28  Reaper  
  21  1:34  Orbital Command  
  20  1:45  Supply Depot  
  20  1:51  Reaper  
  21  2:00  SCV, Reaper  
  23  2:13  SCV  
  23  2:14  Factory  
  24  2:28  SCV  
  25  2:32  Reaper  
  25  2:35  Supply Depot  
  25  2:36  Reaper  
  27  2:41  SCV  
  28  2:54  SCV  
  31  3:03  Command Center  
  31  3:06  SCV  
  31  3:07  Widow Mine  
  32  3:17  Barracks Reactor, Barracks Tech Lab  
  32  3:18  SCV  
  33  3:33  SCV  
  31  3:34  Factory Tech Lab  
  31  3:47  SCV  
  33  3:50  Starport  
  33  3:53  Marine  
  33  3:54  Marine x2  
  35  3:57  Cyclone  
  35  3:59  SCV  
  35  4:02  Refinery  
  39  4:14  Orbital Command, Marine, SCV  
  39  4:16  Marine  
  39  4:17  Marine  
  43  4:25  Barracks  
  43  4:26  Raven, SCV  
  46  4:32  Marine  
  46  4:36  Marine x2  
  49  4:38  SCV  
  49  4:40  Siege Tank  
  49  4:43  SCV  
  49  4:44  Supply Depot  
  54  4:59  Supply Depot  
  54  5:05  Marine x2, SCV x2  
  54  5:06  Supply Depot  
  58  5:07  Stimpack  
  58  5:08  Marine  
  58  5:10  Starport Reactor  
  59  5:15  Barracks Reactor  
  59  5:17  SCV x2  
  59  5:21  Siege Tank  
  64  5:23  Marine x2  
  64  5:24  Supply Depot  
  66  5:29  Engineering Bay, SCV  
  66  5:31  SCV  
  68  5:41  SCV  
  68  5:42  Marine, Refinery  
  71  5:43  SCV  
  71  5:46  Supply Depot  
  73  5:52  Medivac  
  73  5:53  Medivac  
  73  5:54  SCV  
  73  5:55  Marine, SCV  
  79  5:58  Terran Infantry Weapons Level 1  
  79  5:59  Supply Depot  
  79  6:03  Marine x3  
  81  6:06  SCV  
  81  6:07  SCV  
  81  6:11  Marine  
  83  6:12  Marine  
  85  6:18  SCV  
  85  6:20  Marine x2  
  85  6:23  Marine  
  89  6:27  Siege Tank  
  89  6:30  Supply Depot  
  92  6:39  Marine  
  93  6:40  Medivac x2  
  97  6:47  Combat Shield, Supply Depot  
  97  6:51  Command Center  
  97  6:53  Marine  
  98  6:55  Marine  
  98  6:56  Marine  
  98  6:57  Marine  
  98  6:58  Marine  
  101  7:03  SCV  
  101  7:07  Siege Tank  
  103  7:11  Marine  
  103  7:13  Marine  
  106  7:16  Marine  
  106  7:19  Barracks, SCV x2  
  106  7:20  Barracks  
  106  7:21  Marine x2  
  109  7:29  Marine  
  110  7:34  SCV x2  
  114  7:38  Supply Depot  
  114  7:39  Siege Tank  
  115  7:46  SCV  
  115  7:47  Marine x2, Barracks Tech Lab  
  115  7:50  Supply Depot  
  118  7:52  Terran Infantry Armor Level 1  
  118  7:57  Supply Depot  
  118  8:00  Marauder, Medivac x2  
  118  8:05  Orbital Command  
  124  8:06  Concussive Shells  
  124  8:07  Marauder  
  124  8:09  Barracks Tech Lab  
  125  8:17  Marine, Sensor Tower  
  125  8:19  SCV  
  127  8:22  SCV, Siege Tank, Marauder  
  133  8:31  Marine x2  
  133  8:33  SCV x2  
  133  8:34  SCV, Medivac  
  130  8:38  Marine  
  130  8:39  Marine, Marauder  
  136  8:43  Marine  
  137  8:48  Marine  
  137  8:49  Marine, Supply Depot  
  137  8:50  Supply Depot  
  137  8:54  SCV x2, Refinery  
  137  8:55  Refinery  
  139  8:57  SCV  
  139  8:59  Marine x2  
  139  9:00  Marauder  
  144  9:06  Siege Tank  
  144  9:07  Marauder  
  144  9:08  SCV  
  151  9:14  Marine  
  151  9:15  Marauder  
  152  9:18  SCV x2  
  152  9:19  Armory  
  152  9:20  Engineering Bay  
  152  9:22  Marauder  
  153  9:27  Marine x2  
  153  9:29  Marauder  
  159  9:41  SCV  
  159  9:43  Marauder  
  162  9:45  Marine  
  162  9:46  Marine x2  
  162  9:48  Supply Depot  
  162  9:49  Supply Depot  
  168  10:04  SCV  
  173  10:08  Terran Infantry Weapons Level 2, Command Center  
  173  10:09  Supply Depot  
  173  10:10  Terran Infantry Armor Level 2, Supply Depot  
  173  10:11  Terran Vehicle Weapons Level 1  
  168  10:20  Marauder x2  
  172  10:22  SCV  
  172  10:23  Marine x2  
  175  10:29  Siege Tank  
  174  10:36  SCV x3  
  174  10:41  Marauder  
  177  10:43  Command Center  
  177  10:50  Starport  
  177  10:51  Starport, Supply Depot  
  179  10:57  Marauder  
  179  11:03  Marauder  
  183  11:11  Missile Turret  
  180  11:18  Marauder  
  180  11:20  Orbital Command  
  180  11:21  Refinery  
  180  11:23  Refinery  
  178  11:25  Sensor Tower  
  178  11:27  Armory  
  178  11:28  Starport Tech Lab  
  178  11:29  Fusion Core, Starport Tech Lab  
  178  11:47  Raven  
  178  11:48  Raven  
  181  12:02  Orbital Command  
  181  12:12  SCV  
  181  12:14  Terran Vehicle Weapons Level 2, Terran Vehicle And Ship Armor Level 1  
  182  12:17  SCV, Command Center  
  182  12:18  Command Center  
  182  12:19  SCV  
  182  12:21  Raven  
  182  12:22  Marauder  
  188  12:23  Raven  
  188  12:25  Advanced Ballistics  
  188  12:29  SCV x2  
  192  12:36  Starport x2  
  192  12:39  Viking x2  
  192  12:41  SCV  
  196  12:57  Raven  
  200  13:04  Marauder, Command Center  
  200  13:05  Marauder x2  
  195  13:09  Raven  
  195  13:21  Starport Reactor x2  
  195  13:24  Terran Infantry Weapons Level 3  
  195  13:26  Marauder x2, Command Center x2  
  199  13:28  Terran Infantry Armor Level 3  
  199  13:29  Orbital Command  
  199  13:32  Orbital Command  
  198  14:18  Marauder  
  198  14:21  Marauder  
  198  14:22  Marauder  
  194  14:39  Marauder  
  194  14:41  Marine x2  
  194  14:42  Marauder  
  200  15:03  Marauder  
  181  15:15  Marine, Marauder  
  181  15:17  Marine x3  
  181  15:18  Raven, Marauder  
  174  15:25  Marauder, SCV  
  174  15:26  SCV x3  
  174  15:27  SCV  
  182  15:32  Siege Tank  
  182  15:33  Marine  
  182  15:35  Marine x3  
  187  15:37  Marauder  
  187  15:38  Liberator x2, SCV x3, Viking x2  
  187  15:41  Refinery x2  
  198  16:02  SCV  
  197  16:05  SCV x3  
  172  16:27  Refinery  
Tags
 
Add a new tag
Caveats
  • Supply blocks, unpowered buildings, or Contaminate may cause inaccurate times.
  • Supply counts are checked every 10 seconds.